[Event "*** SCC Grand Prix: Titled Tuesday Blitz"]
[Site "Chess.com"]
[Date "2020.08.25"]
[Round "7"]
[White "kngopal"]
[Black "profofchess"]
[Result "1-0"]
[WhiteElo "2291"]
[BlackElo "2415"]
[TimeControl "180+1"]
[EndTime "11:20:06 PDT"]
[Termination "kngopal won on time"]

1. c4 e5 2. g3 Nc6 3. Bg2 Bc5 4. e3 a6 5. Ne2 Ba7 6. d4 d6 7. h3 exd4 8. exd4 Nge7 9. O-O Nf5 10. c5 O-O 11.
cxd6 cxd6 12. d5 Ne5 13. Kh2 h5 14. Nbc3 h4 15. g4 Nh6 16. Bxh6 gxh6 17. f4 Nc4 18. Qd3 Ne3 19. Rf3 Nxg2 20. Kxg2 Re8 21. f5 Bd7 22. Nd4 Qb6 23. Rd1 Rac8 24. Ne4 Qxb2+ 25. Rf2 Qxd4 26. Qxd4 Bxd4 27. Rxd4 Red8 28. Nxd6 Rc3 29. Nxb7 Rdc8 30. Nd6 Rg3+ 31. Kh2 Rcc3 32. Ne4 Rxh3+ 33.
Kg2 Ra3 34. d6 Kg7 35. f6+ Kg6 36. Rf5 Rhd3 37. Rfd5 Rxd4 38. Rxd4 Bc6 39. d7 Bxe4+ 40. Kf2 Rxa2+ 41. Ke3 h3 42. d8=Q 1-0

[Event "*** SCC Grand Prix: Titled Tuesday Blitz"]
[Site "Chess.com"]
[Date "2020.08.25"]
[Round "7"]
[White "Ali_rastbod"]
[Black "BigAl"]
[Result "1-0"]
[WhiteElo "2682"]
[BlackElo "2476"]
[TimeControl "180+1"]
[EndTime "11:20:07 PDT"]
[Termination "Ali_rastbod won by resignation"]

1. c4 g6 2. Nc3 Bg7 3. d4 d6 4.
Nf3 Nf6 5. g3 O-O 6. Bg2 Nbd7 7.
O-O e5 8. b3 Re8 9. Bb2 e4 10.
Ng5 e3 11. fxe3 h6 12. Nge4 Nxe4 13. Nxe4 f5 14. Nf2 Rxe3 15. Bc1 Re8 16. e4 Nf6 17.
exf5 Bxf5 18. Bxb7 c5 19. Bxa8 Qxa8 20. Bb2 Ne4 21. Nxe4 Rxe4 22. Qd2 Rxd4 23. Qe2 Bg4 24. Qf2 Kh7 25. Rae1 Qd8 26. Qf7 Qg8 27. Bxd4 cxd4 28. Re7 Bf5 29. Qxg7+ Qxg7 30. Rxg7+ Kxg7 31. Rf4 d3 32. Rd4 Kf6 33. Kf2 Ke5 34. Ke3 a5 35. Rd5+ Ke6 36. Rxa5 g5 37. Rd5 Bg6 38. Rxd3 Bxd3 39. Kxd3 Ke5 40. Ke3 d5 41. cxd5 Kxd5 42. a4 Kc5 43. a5 Kb4 44. a6 Kb5 45. a7 1-0

[Event "*** SCC Grand Prix: Titled Tuesday Blitz"]
[Site "Chess.com"]
[Date "2020.08.25"]
[Round "7"]
[White "djano"]
[Black "Paladin61"]
[Result "0-1"]
[WhiteElo "2470"]
[BlackElo "2680"]
[TimeControl "180+1"]
[EndTime "11:20:08 PDT"]
[Termination "Paladin61 won on time"]

1. d4 Nf6 2. Nf3 g6 3. Bg5 Bg7 4. c3 O-O 5. Nbd2 d6 6. e4 c5 7. dxc5 dxc5 8. Qc2 Nc6 9. Bc4 Qc7 10. O-O b6 11. Rfe1 Nh5 12. a4 Bb7 13. Nf1 Na5 14. Bd5 h6 15. Bh4 Rad8 16. Ne3 g5 17. Bg3 Nxg3 18.
hxg3 e6 19. Bxb7 Qxb7 20. e5 Qe7 21. Ng4 Rd7 22. Rad1 Rfd8 23. Rxd7 Qxd7 24. Kh2 Qd3 25. Re2 Nb3 26. Ne3 c4 27. g4 Kf8 28. g3 Ke7 29. Kg2 a6 30. Qxd3 cxd3 31. Re1 b5 32. axb5 axb5 33. Rd1 Nc5 34. Nd4 Ke8 35. b4 Ne4 36. Nxb5 Bxe5 37. c4 d2 38. c5 Rb8 0-1

[Event "*** SCC Grand Prix: Titled Tuesday Blitz"]
[Site "Chess.com"]
[Date "2020.08.25"]
[Round "7"]
[White "Mikhail_Golubev"]
[Black "AttackSparrow"]
[Result "1/2-1/2"]
[WhiteElo "2623"]
[BlackElo "2405"]
[TimeControl "180+1"]
[EndTime "11:20:09 PDT"]
[Termination "Game drawn by repetition"]

1. e4 c5 2. Nf3 e6 3. d4 cxd4 4. Nxd4 Nc6 5. Nc3 Qc7 6. Be3 a6 7. a3 Nf6 8. f4 d6 9. Qf3 Bd7 10. O-O-O Nxd4 11. Bxd4 Bc6 12. g4 e5 13. Be3 Be7 14. f5 h6 15. h4 O-O-O 16. Rg1 Kb8 17. g5 hxg5 18. hxg5 Nd7 19. Bc4 f6 20. gxf6 Bxf6 21.
Nd5 Bxd5 22. Bxd5 Nb6 23. Bxb6 Qxb6 24. Rg3 Rc8 25. Qe2 Rc7 26. Rb3 Qa5 27. Be6 Qc5 28.
Kb1 Ka7 29. c4 Rc6 30. Ka2 Rb6 31. Rd5 Qg1 32. Rxb6 Qxb6 33. Qd1 Rh2 34. Qb3 Qxb3+ 35. Kxb3 Be7 36. Rd3 Re2 37. Bd5 Bg5 38. Rg3 Re3+ 39. Rxe3 Bxe3 40. Kc3 Bd4+ 41. Kc2 b5 42. b4 bxc4 43.
Bxc4 Kb6 44. Bd5 a5 45. Kb3 axb4 46. axb4 Be3 47. Bc4 Bg5 48. Bd5 Bf6 49. Bc4 Bg5 50. Bd5 Bf6 51. Bc4 Bg5 1/2-1/2

[Event "*** SCC Grand Prix: Titled Tuesday Blitz"]
[Site "Chess.com"]
[Date "2020.08.25"]
[Round "7"]
[White "TwentyHoursADay"]
[Black "serena-maria"]
[Result "1-0"]
[WhiteElo "2486"]
[BlackElo "2299"]
[TimeControl "180+1"]
[EndTime "11:20:10 PDT"]
[Termination "TwentyHoursADay won by checkmate"]

1. b4 e5 2. a3 f5 3. Bb2 d6 4. e3 Nf6 5. c4 g5 6. Nc3 Bg7 7.
Qc2 O-O 8. Nge2 Nc6 9. h4 g4 10. h5 h6 11. O-O-O Be6 12. Ng3 Ne7 13. f4 a5 14. b5 c6 15. d4 e4 16. Kb1 Qe8 17.
Qa4 Qf7 18. Be2 Rfc8 19. Rc1 Nd7 20. d5 cxd5 21. cxd5 Nxd5 22. Nxd5 Nc5 23. Rxc5 Rxc5 24. Bxg7 Qxg7 25. Nb6 Rd8 26. Qd4 Qxd4 27. exd4 Rc3 28. Nf1 Rxa3 29. Nd2 Re3 30. Bc4 Bxc4 31. Ndxc4 Rc3 32.
Kb2 Rd3 33. d5 e3 34. Re1 Re8 35. Kc2 Rd4 36. Kc3 Rxf4 37. Nxd6 Rd8 38. Nbc4 Rf2 39. Rxe3 Rxg2 40. Re6 g3 41. Rg6+ Kh7 42. Nxf5 Rg1 43. Ne5 Rxd5 44. Rg7+ Kh8 45. Ng6# 1-0

[Event "*** SCC Grand Prix: Titled Tuesday Blitz"]
[Site "Chess.com"]
[Date "2020.08.25"]
[Round "7"]
[White "Chamal_Gedgafov"]
[Black "QueenOfTactics90"]
[Result "1-0"]
[WhiteElo "2110"]
[BlackElo "1968"]
[TimeControl "180+1"]
[EndTime "11:20:10 PDT"]
[Termination "Chamal_Gedgafov won on time"]

1. d4 d5 2. c4 c6 3. Nc3 Bf5 4. cxd5 cxd5 5. Qb3 e6 6. Qxb7 Nd7 7. Nf3 Ne7 8. e3 Rb8 9. Qxa7 Nc6 10. Qa4 Nb4 11. e4 dxe4 12. Ne5 Bd6 13. Nc6 Nxc6 14. Qxc6 Rb6 15. Qa4 O-O 16. Be2 Bb4 17. O-O Qc7 18.
Bd2 Ra8 19. Qd1 Bd6 20. h3 Rxb2 21. f3 e3 22. Be1 Bc2 23. Qc1 Ba3 24. Qxe3 Bb4 25.
Ne4 Bxe1 26. Rfxe1 Raxa2 27. Bf1 Nb6 28. Rxa2 Rxa2 29.
Ng5 Nd5 30. Qe5 Qxe5 31. dxe5 h6 32. Ne4 Bxe4 33. Rxe4 Nc3 34. Rc4 Ne2+ 35. Kh2 1-0

[Event "*** SCC Grand Prix: Titled Tuesday Blitz"]
[Site "Chess.com"]
[Date "2020.08.25"]
[Round "7"]
[White "Chessdemon2019"]
[Black "Keithonsky"]
[Result "0-1"]
[WhiteElo "2367"]
[BlackElo "2548"]
[TimeControl "180+1"]
[EndTime "11:20:11 PDT"]
[Termination "Keithonsky won by checkmate"]

1. e4 e6 2. d4 d5 3. Nc3 Nf6 4. e5 Nfd7 5. f4 c5 6. Nf3 Nc6 7. Be3 a6 8. Qd2 b5 9. a3 Bb7 10. Be2 b4 11. axb4 cxd4 12. Nxd4 Bxb4 13. O-O Nxd4 14. Bxd4 O-O 15. f5 exf5 16. Rxf5 Qe7 17. Bd3 a5 18. Rh5 g6 19. Qh6 f5 20. exf6 Nxf6 21.
Re5 Qc7 22. Rf1 Ng4 23. Rxf8+ Rxf8 24. Qg5 Bc5 25. Qxg4 Qxe5 26. Ne2 Qf6 27. h3 Qf1+ 28.
Kh2 Bd6+ 29. Ng3 Qf4 30. Qe6+ Rf7 31. Qe8+ Rf8 32. Qe6+ Rf7 33. Qe8+ Bf8 34. Be5 Qg5 35. Qe6 Qe7 36. Qxe7 Rxe7 37. Bd4 Rf7 38. Kg1 Bd6 39. Ne2 Bc8 40. g4 Bd7 41. Kg2 a4 42. Nc1 Bf4 43.
Ne2 Bg5 44. Nc3 Bc6 45. Ne2 Rb7 46. Kg3 Bb5 47. Bxb5 Rxb5 48. h4 Be7 49. Nc3 Bd6+ 50. Kf3 Rxb2 51. Nxd5 Rxc2 52. Nf6+ Kf7 53. Nxh7 Be7 54. h5 gxh5 55. g5 Kg6 56. Nf6 Kxg5 57. Ne4+ Kg6 58. Ng3 a3 59. Ne4 a2 60. Ng3 Bf6 61. Bxf6 Kxf6 62. Ne4+ Ke5 63. Ng5 a1=Q 64. Nh3 Qa3# 0-1

[Event "*** SCC Grand Prix: Titled Tuesday Blitz"]
[Site "Chess.com"]
[Date "2020.08.25"]
[Round "7"]
[White "Zq1"]
[Black "ZarinaShafigullina"]
[Result "1/2-1/2"]
[WhiteElo "2531"]
[BlackElo "2317"]
[TimeControl "180+1"]
[EndTime "11:20:11 PDT"]
[Termination "Game drawn by repetition"]

1. Nf3 Nf6 2. c4 c5 3. Nc3 Nc6 4. d4 cxd4 5. Nxd4 e6 6. a3 d5 7. cxd5 Nxd5 8. Nxc6 bxc6 9. Bd2 Be7 10. g3 O-O 11. Bg2 Rb8 12. Qc2 Bb7 13. O-O c5 14.
Rfd1 Qb6 15. e4 Nxc3 16. Bxc3 Bc6 17. Rd2 Rfd8 18. Rad1 Rxd2 19. Rxd2 Rd8 20. h4 Qc7 21.
Rxd8+ Qxd8 22. Bd2 Bb5 23. Bf1 Bxf1 24. Kxf1 Bf6 25.
Be3 Bd4 26. Qd3 e5 27. b4 cxb4 28. axb4 Qb6 29. Bxd4 exd4 30. Qc4 g6 31. h5 Kg7 32. g4 h6 33. hxg6 fxg6 34. e5 a6 35. Kg1 h5 36. Qd5 Qxb4 37. Qd7+ Kh6 38. e6 Qe1+ 39. Kg2 Qe4+ 40. Kf1 Qd3+ 41. Kg1 Qd1+ 42. Kh2 Qxg4 43. Qd6 Qh4+ 44. Kg2 Qg4+ 45. Kh2 Qh4+ 46. Kg2 Qg4+ 47. Kh2 1/2-1/2

[Event "*** SCC Grand Prix: Titled Tuesday Blitz"]
[Site "Chess.com"]
[Date "2020.08.25"]
[Round "7"]
[White "shnitez"]
[Black "mirceaparligras"]
[Result "0-1"]
[WhiteElo "2465"]
[BlackElo "2677"]
[TimeControl "180+1"]
[EndTime "11:20:12 PDT"]
[Termination "mirceaparligras won on time"]

1. d4 e6 2. c4 d5 3. Nc3 Bb4 4. e3 Nf6 5. a3 Bxc3+ 6. bxc3 c6 7.
cxd5 cxd5 8. c4 O-O 9. Nf3 Ne4 10. Bd3 b6 11. O-O Ba6 12. cxd5 Bxd3 13. Qxd3 Qxd5 14.
Ne5 Nc6 15. Nxc6 Qxc6 16. f3 Nd6 17. e4 Rfd8 18. Be3 Qc4 19. Qxc4 Nxc4 20. Kf2 b5 21. Rfc1 Rdc8 22. Ke2 Kf8 23. Bf2 Ke7 24. Kd3 a6 25. Rc2 Kd7 26. Be1 Nb6 27. Rac1 Rxc2 28. Rxc2 Nc4 29.
Bb4 a5 30. Bc5 a4 31. Kc3 Kc6 32. Kb4 Rd8 33. Rc1 h5 34. Rd1 g6 35. Rd3 f5 36. Rd1 Rd7 37. Rd3 g5 38. Rd1 g4 39.
Rd3 f4 40. Rd1 Ne3 41. Rd2 h4 42. fxg4 Nxg4 43. h3 Ne3 44. Rf2 Rf7 45. d5+ exd5 46. Bxe3 fxe3 47. Rxf7 e2 48. exd5+ Kd6 49. Rf6+ Kxd5 50.
Rf5+ Kd6 51. Rf6+ Ke7 0-1

[Event "*** SCC Grand Prix: Titled Tuesday Blitz"]
[Site "Chess.com"]
[Date "2020.08.25"]
[Round "7"]
[White "mapleaff"]
[Black "chigorin28"]
[Result "1-0"]
[WhiteElo "2349"]
[BlackElo "2439"]
[TimeControl "180+1"]
[EndTime "11:20:13 PDT"]
[Termination "mapleaff won on time"]

1. e4 c5 2. Nf3 Nc6 3. Bb5 a6 4. Bxc6 bxc6 5. O-O g6 6. d3 Bg7 7. Nc3 Nf6 8. Be3 d6 9. e5 Nd5 10. Nxd5 cxd5 11. exd6 Qxd6 12. c3 O-O 13. Qd2 Re8 14.
Bh6 Bh8 15. d4 cxd4 16. cxd4 Bf5 17. Bf4 Qb6 18. Rfe1 Rac8 19. Rac1 Rxc1 20. Rxc1 Rc8 21. Rxc8+ Bxc8 22. Qc3 Bd7 23. h3 Bf6 24. Be5 Kg7 25. Qa3 Bf5 26. Qxe7 Qe6 27. Qxe6 Bxe6 28. Kf1 h6 29.
Ke2 g5 30. b4 Kg6 31. Bxf6 Kxf6 32. a4 Bd7 33. a5 Bb5+ 34. Ke3 h5 35. Ne1 Ke6 36. g3 Bf1 37. h4 gxh4 38. gxh4 Kf5 39. Kf3 f6 40. Nc2 Bd3 41. Ne3+ Ke6 42. Kf4 Kd6 43.
Nf5+ Kc6 44. Ne7+ 1-0

[Event "*** SCC Grand Prix: Titled Tuesday Blitz"]
[Site "Chess.com"]
[Date "2020.08.25"]
[Round "7"]
[White "Karina_Ivanova"]
[Black "NoboaKevin1999"]
[Result "0-1"]
[WhiteElo "2252"]
[BlackElo "2419"]
[TimeControl "180+1"]
[EndTime "11:20:13 PDT"]
[Termination "NoboaKevin1999 won by resignation"]

1. d4 Nf6 2. Nf3 g6 3. g3 Bg7 4.
Bg2 O-O 5. O-O d6 6. c4 c6 7. b3 Qa5 8. Bb2 Qh5 9. Nbd2 Bh3 10. e4 Nbd7 11. Qe2 e5 12. d5 cxd5 13. cxd5 Nc5 14. Rfe1 Rfc8 15. Rac1 Bh6 16. b4 Bxd2 17. Nxd2 Qxe2 18. Rxe2 Bxg2 19. Kxg2 Nd3 20. Rxc8+ Rxc8 21. Ba1 Nxb4 22. Nb3 Rc2 23. Rxc2 Nxc2 24. f3 Nd7 25.
Bc3 b6 26. Kf2 Kf8 27. Ke2 Ke7 28. Kd3 Na3 29. Bb2 Nb5 30. a4 Nc7 31. Kc4 f5 32. Bc1 fxe4 33. fxe4 Kd8 34. Bg5+ Kc8 35. Be7 Ne8 36.
a5 Kc7 37. a6 Nb8 38. Kb5 Kd7 39. Bf8 Nc7+ 40. Kc4 Nbxa6 41. g4 b5+ 42. Kd3 Ne8 43. Na5 Nb8 44. Kc3 Kc7 45. Kb4 Kb6 46. Be7 Na6+ 0-1

[Event "*** SCC Grand Prix: Titled Tuesday Blitz"]
[Site "Chess.com"]
[Date "2020.08.25"]
[Round "7"]
[White "Revnov"]
[Black "Kobalia"]
[Result "1-0"]
[WhiteElo "2714"]
[BlackElo "2764"]
[TimeControl "180+1"]
[EndTime "11:20:14 PDT"]
[Termination "Revnov won on time"]

1. b3 e5 2. Bb2 Nc6 3. e3 g6 4.
Nf3 Bg7 5. d4 exd4 6. Nxd4 Nxd4 7. Bxd4 Nf6 8. c4 O-O 9. Be2 d5 10. O-O dxc4 11. bxc4 Ne4 12. Bf3 Ng5 13. Be2 Bxd4 14.
exd4 Ne6 15. d5 Nf4 16. Bf3 Qf6 17. Nd2 Bf5 18. Nb3 Rfe8 19. Qd4 Qg5 20. g3 Be4 21. h4 Qf5 22. Nd2 Bxf3 23. Qxf4 Qxf4 24. gxf4 Bg4 25.
Rfe1 Kg7 26. f3 Bd7 27. Kf2 c6 28. Ne4 cxd5 29. cxd5 Red8 30. Rad1 Rac8 31. Rd2 Bf5 32. Ng3 Bh3 33. f5 Rc4 34. Re7 Rb4 35. a3 Rb3 36. d6 Bxf5 37. Nxf5+ gxf5 38. Kg3 Rxa3 39. Rxb7 Ra6 40. d7 Ra4 41. Rc7 Kf6 42. Re2 1-0

[Event "*** SCC Grand Prix: Titled Tuesday Blitz"]
[Site "Chess.com"]
[Date "2020.08.25"]
[Round "7"]
[White "Sychev_Klementy"]
[Black "olksuna"]
[Result "1-0"]
[WhiteElo "2772"]
[BlackElo "2636"]
[TimeControl "180+1"]
[EndTime "11:20:14 PDT"]
[Termination "Sychev_Klementy won by resignation"]

1. e4 d6 2. d4 Nf6 3. Nc3 c6 4.
Nf3 Bg4 5. h3 Bh5 6. Qe2 e6 7.
g4 Bg6 8. h4 h5 9. g5 Nfd7 10.
d5 cxd5 11. exd5 e5 12. Be3 Be7 13. O-O-O O-O 14. Qd2 Na6 15. Bd3 Bxd3 16. Qxd3 g6 17. Nd2 Rc8 18. f4 Qa5 19. Nb3 Qb4 20. f5 e4 21.
Qxe4 Ne5 22. Rd4 Qb6 23. fxg6 fxg6 24. Rd2 Qb4 25. Bd4 Rf5 26. a3 Qc4 27. Re1 Bf8 28. Kb1 b5 29. Bxe5 dxe5 30. Qxc4 bxc4 31. Na5 Rb8 32. Nc6 Rb7 33. Ka2 Bd6 34. Ne4 Bf8 35. d6 Rd7 36. Nf6+ Rxf6 37. gxf6 Kf7 38. Nxe5+ 1-0

[Event "*** SCC Grand Prix: Titled Tuesday Blitz"]
[Site "Chess.com"]
[Date "2020.08.25"]
[Round "7"]
[White "ruslansezdbekov"]
[Black "Fischerev7"]
[Result "1-0"]
[WhiteElo "2546"]
[BlackElo "2350"]
[TimeControl "180+1"]
[EndTime "11:20:14 PDT"]
[Termination "ruslansezdbekov won by resignation"]

1. d4 Nf6 2. c4 e6 3. Nc3 Bb4 4. Qc2 O-O 5. a3 Bxc3+ 6. Qxc3 d5 7. Bg5 h6 8. Bxf6 Qxf6 9. cxd5 exd5 10. Nf3 Nc6 11.
e3 Bg4 12. Be2 Rfe8 13. O-O Rad8 14. b4 Re7 15. h3 Bxf3 16. Bxf3 Nb8 17. Rac1 c6 18.
a4 a6 19. b5 axb5 20. axb5 cxb5 21. Qc5 Nc6 22. Qxb5 Qe6 23. Rc5 Red7 24. Rb1 f5 25. Qb6 f4 26. Bg4 Qg6 27. Bxd7 Rxd7 28. Qb3 f3 29. g3 Qf5 30. Kh2 Kh8 31. Ra1 g6 32.
Ra8+ Kg7 33. Qc3 h5 34. Ra1 h4 35. Rg1 hxg3+ 36. Rxg3 Kf6 37. Qb3 Kg7 38. Qd1 Rf7 39.
Qb3 Rd7 40. Rc1 Ne7 41. Rcg1 Kf6 42. Qd1 Qe4 43. Rxf3+ Ke6 44. Rf4 1-0

[Event "*** SCC Grand Prix: Titled Tuesday Blitz"]
[Site "Chess.com"]
[Date "2020.08.25"]
[Round "7"]
[White "Tooweak2slow03"]
[Black "mishanick"]
[Result "0-1"]
[WhiteElo "2698"]
[BlackElo "2962"]
[TimeControl "180+1"]
[EndTime "11:20:16 PDT"]
[Termination "mishanick won by resignation"]

1. e4 c5 2. Nf3 d6 3. d4 cxd4 4. Nxd4 Nf6 5. Nc3 a6 6. a3 e5 7. Nf5 d5 8. Bg5 d4 9. Bxf6 Qxf6 10. Nd5 Qc6 11. c4 g6 12. Nxd4 exd4 13. Qxd4 f6 14. b4 Be6 15. Be2 Nd7 16. O-O Bg7 17. Rad1 Rd8 18.
Kh1 Kf7 19. f4 f5 20. e5 Rhe8 21. Bf3 Qc8 22. g3 Qb8 23. Rd2 Rc8 24. Rfd1 Red8 25.
Kg2 h6 26. h3 b5 27. c5 Qa7 28. g4 Nf8 29. Qe3 Kg8 30. Kg3 Kh8 31. Rd4 Qf7 32.
R1d3 Rd7 33. Nb6 Rxd4 34. Qxd4 Re8 35. Bc6 Re7 36. Qd8 g5 37. Nd5 gxf4+ 38. Nxf4 Bxe5 39. Kg2 Bxf4 40. Qd4+ Qg7 41. Qxf4 fxg4 42. Kh2 Ng6 43. Rd8+ Kh7 44. Be4 gxh3 45. Rd2 Rf7 46. Qg3 Bf5 47. Bxf5 Rxf5 48. c6 Rg5 49. Rd7 Rxg3 50. Kxg3 Ne7+ 0-1

[Event "*** SCC Grand Prix: Titled Tuesday Blitz"]
[Site "Chess.com"]
[Date "2020.08.25"]
[Round "7"]
[White "ErikBlomqvist"]
[Black "juancruzarias"]
[Result "1-0"]
[WhiteElo "2506"]
[BlackElo "2356"]
[TimeControl "180+1"]
[EndTime "11:20:16 PDT"]
[Termination "ErikBlomqvist won by resignation"]

1. e4 e6 2. d4 d5 3. e5 c5 4. c3 Qb6 5. Nf3 Nc6 6. a3 Nh6 7. Bd3 cxd4 8. O-O Be7 9. b4 dxc3 10. Nxc3 Ng4 11. Qe2 f6 12. exf6 Nxf6 13. Bg5 O-O 14. Rfe1 Bd7 15. Rad1 Rac8 16. Na4 Qd8 17. Nc5 Bxc5 18.
bxc5 Qa5 19. Bb5 Qxa3 20. Bxc6 bxc6 21. Ne5 Be8 22. Be3 Ne4 23. Ra1 Qc3 24. Nd3 Rc7 25. f3 Nf6 26. Bf4 Rb7 27. Bd6 Rff7 28. Qxe6 h6 29.
Ne5 Qd4+ 30. Kh1 Rb2 31. Nxf7 Bxf7 32. Qc8+ Kh7 33. Be5 Qd2 34. Bxb2 Qxb2 35. Rxa7 Bh5 36. Qf5+ Bg6 37. Qe5 Qb4 38. Rg1 Qxc5 39. Rc7 Qf8 40. Rxc6 Bh5 41. Rxf6 1-0

[Event "*** SCC Grand Prix: Titled Tuesday Blitz"]
[Site "Chess.com"]
[Date "2020.08.25"]
[Round "7"]
[White "phoenix_sjh"]
[Black "barbara25"]
[Result "0-1"]
[WhiteElo "2518"]
[BlackElo "2305"]
[TimeControl "180+1"]
[EndTime "11:20:17 PDT"]
[Termination "barbara25 won on time"]

1. d4 Nf6 2. c4 e6 3. Nc3 Bb4 4.
Qc2 c5 5. dxc5 O-O 6. Nf3 Bxc5 7.
Bf4 b6 8. e3 Bb7 9. Be2 Nc6 10.
O-O Be7 11. Rad1 Rc8 12. Qb1 a6 13. h3 d5 14. cxd5 exd5 15. Bg5 Nb8 16. Nd4 h6 17.
Bh4 Ne4 18. Bxe7 Qxe7 19. Nf5 Qe5 20. Nxd5 Rcd8 21. f4 Qe6 22. Nfe7+ Kh8 23. Bf3 f5 24. Bh5 Bxd5 25. Ng6+ Kg8 26. Nxf8 Rxf8 27. Rfe1 Ng3 28. Bf3 Bxf3 29. gxf3 Nh5 30. Kf2 Nf6 31. Qd3 Qxa2 32. Re2 Qe6 33. Rg1 b5 34. Kf1 Qd7 35. Qb1 Qf7 36.
Qxf5 Nc6 37. Qc5 Ne7 38. Kf2 Ned5 39. f5 Qh5 40. Rg3 Qxf5 41. Rd2 Ne4+ 42. Ke2 Nxc5 0-1

[Event "*** SCC Grand Prix: Titled Tuesday Blitz"]
[Site "Chess.com"]
[Date "2020.08.25"]
[Round "7"]
[White "LubovMarkelova"]
[Black "MYMChessAcademy"]
[Result "0-1"]
[WhiteElo "2191"]
[BlackElo "2111"]
[TimeControl "180+1"]
[EndTime "11:20:17 PDT"]
[Termination "MYMChessAcademy won by resignation"]

1. d4 Nf6 2. Nf3 g6 3. g3 Bg7 4. Bg2 O-O 5. O-O d6 6. Re1 Nc6 7. e4 e5 8. d5 Ne7 9. c4 Nd7 10. Nc3 f5 11. Ng5 Nb6 12. Ne6 Bxe6 13. dxe6 Nxc4 14.
exf5 gxf5 15. Nd5 Nb6 16. Nxb6 axb6 17. Bxb7 Ra7 18. Bg2 f4 19. gxf4 exf4 20. Qg4 Ng6 21. Bd5 Kh8 22. Rb1 Ne5 23. Qh5 c6 24. Be4 h6 25. b4 d5 26. Bc2 Qg5+ 27. Qxg5 Nf3+ 28.
Kg2 Nxe1+ 29. Kf1 hxg5 30. Kxe1 Rxa2 31. Bg6 Bc3+ 32. Kf1 Bf6 33. Bb2 Rxb2 34. Rxb2 Bxb2 35. e7 Ra8 36. e8=Q+ Rxe8 37. Bxe8 c5 38. bxc5 bxc5 39. Bc6 d4 40. Bb5 Kg7 41. Ke2 Kf6 42. Kf3 Kf5 43. Bd3+ Kf6 44. Ke4 Ke6 45. Bc4+ Kd6 46. Kf5 Bc1 47.
Kxg5 Ke5 48. h4 f3+ 49. Kg4 Ke4 50. Bb5 d3 51. Bc6+ Ke5 52. Bxf3 c4 53. Bd1 c3 54.
Ba4 c2 55. Kf3 Bd2 0-1

[Event "*** SCC Grand Prix: Titled Tuesday Blitz"]
[Site "Chess.com"]
[Date "2020.08.25"]
[Round "7"]
[White "Shield12"]
[Black "PaulfromSPb"]
[Result "0-1"]
[WhiteElo "2849"]
[BlackElo "2688"]
[TimeControl "180+1"]
[EndTime "11:20:18 PDT"]
[Termination "PaulfromSPb won by resignation"]

1. e4 g6 2. d4 Bg7 3. Nf3 d6 4.
Bc4 Nf6 5. Qe2 O-O 6. e5 dxe5 7. dxe5 Nd5 8. h3 Nb6 9. Bb3 a5 10. a4 Na6 11. Be3 Nd5 12. O-O Nxe3 13. Qxe3 c6 14. Nbd2 Nb4 15. Rad1 Qc7 16. e6 f5 17. Ng5 Nd5 18. Qf3 h6 19. Nge4 fxe4 20. Qxe4 Rf6 21. Nf3 Bxe6 22. Rfe1 Raf8 23. Rd2 Kh7 24. Ne5 Bf5 25. Qh4 Re6 26. Nf3 Rxe1+ 27. Nxe1 Bxb2 28. Nf3 Bf6 29. Qc4 Qf4 30. Qc5 Be4 31. Qc4 Bxf3 32. Qxf4 Nxf4 33. gxf3 Nxh3+ 34. Kf1 Nf4 35. Rd7 b5 36. Rc7 Rd8 37. Kg1 Rd1+ 38. Kh2 Rd6 39. Ra7 bxa4 40. Bxa4 Be5 41. Rxe7+ Bg7 42. Ra7 h5 43. Rxa5 Bd4 44. Ra6 Bxf2 45. Bxc6 Rd2 46. Ra1 Bd4+ 0-1

[Event "*** SCC Grand Prix: Titled Tuesday Blitz"]
[Site "Chess.com"]
[Date "2020.08.25"]
[Round "7"]
[White "ketster"]
[Black "korkmaz16"]
[Result "1-0"]
[WhiteElo "2442"]
[BlackElo "2300"]
[TimeControl "180+1"]
[EndTime "11:20:18 PDT"]
[Termination "ketster won by checkmate"]

1. d4 d5 2. c4 c6 3. Nf3 Nf6 4. g3 g6 5. Bg2 Bg7 6. b3 O-O 7. Bb2 Bf5 8. O-O Ne4 9. Nbd2 Nd7 10.
Nh4 Nxd2 11. Qxd2 Be6 12. Rac1 Nf6 13. Qc2 dxc4 14. bxc4 Qa5 15. Bc3 Qa6 16. Bb4 Rfd8 17. e3 Rd7 18. Nf3 Bf5 19. Qb3 Ne4 20. Nh4 c5 21.
Nxf5 cxb4 22. Bxe4 gxf5 23. Bxf5 e6 24. Be4 Qa5 25. c5 Rc8 26. Bb1 b6 27. c6 Rdc7 28. Be4 Qb5 29. Qb1 h5 30. Rfd1 a5 31. d5 exd5 32.
Bxd5 Kf8 33. Bf3 h4 34. Qe4 hxg3 35. hxg3 Qe5 36. Qg4 Qf6 37. Rd7 Qh6 38. Rcd1 Bf6 39. Rxc7 Rxc7 40. Rd6 Qg7 41. Qf4 Ke7 42. Rd5 Rxc6 43.
Qe4+ Re6 44. Qc2 Be5 45. Qc8 Kf6 46. Qd8+ Kg6 47. Be4+ Kh6 48. Qh4# 1-0

[Event "*** SCC Grand Prix: Titled Tuesday Blitz"]
[Site "Chess.com"]
[Date "2020.08.25"]
[Round "7"]
[White "beto-betun"]
[Black "BjarkeSahl"]
[Result "0-1"]
[WhiteElo "2106"]
[BlackElo "2315"]
[TimeControl "180+1"]
[EndTime "11:20:18 PDT"]
[Termination "BjarkeSahl won by resignation"]

1. d4 c5 2. d5 e6 3. c4 a6 4. Nc3 exd5 5. Nxd5 Nc6 6. g3 Nf6 7. Bg2 Nxd5 8. Bxd5 Ne5 9. Nf3 Nxf3+ 10. Bxf3 Be7 11. O-O O-O 12. Bf4 d6 13. b3 Bf5 14.
Bxb7 Bh3 15. Bg2 Bxg2 16. Kxg2 a5 17. Qd5 a4 18. Rfd1 Qb6 19. Rd3 Rfd8 20. Rad1 axb3 21. Rxb3 Qa6 22. Rb7 Re8 23. Bxd6 Rad8 24. Qf5 Rxd6 25. Rxe7 Qa8+ 26. f3 Rxe7 27. Rxd6 Rxe2+ 28. Kh3 h6 29. Rd7 Qe8 30. Qd5 Kh7 31. Qxf7 Qxf7 32. Rxf7 Rxa2 33.
Rc7 Ra5 34. Kg4 Kg6 35. Kf4 Kh5 36. Ke4 g5 37. Kd5 Ra3 38. Rxc5 Rxf3 39. Rc6 Rf2 40.
Kc5 Rxh2 41. Kb6 Rb2+ 42. Kc7 Rb3 43. c5 Rxg3 44. Rd6 Rc3 45. c6 g4 46. Kd7 g3 47.
c7 g2 48. Rc6 Rxc6 49. Kxc6 g1=Q 50. c8=Q Qc1+ 51. Kb7 Qxc8+ 52. Kxc8 Kg4 53. Kd7 h5 54. Ke6 h4 55. Ke5 h3 56. Ke4 h2 57. Ke3 h1=Q 58.
Ke2 Qf3+ 0-1

[Event "*** SCC Grand Prix: Titled Tuesday Blitz"]
[Site "Chess.com"]
[Date "2020.08.25"]
[Round "7"]
[White "Borsuk_Konstantin"]
[Black "VMikhalevski"]
[Result "0-1"]
[WhiteElo "2543"]
[BlackElo "2725"]
[TimeControl "180+1"]
[EndTime "11:20:21 PDT"]
[Termination "VMikhalevski won on time"]

1. d4 Nf6 2. c4 g6 3. Nc3 d5 4. Nf3 Bg7 5. Bg5 Ne4 6. cxd5 Nxg5 7. Nxg5 e6 8. Nf3 exd5 9. b4 O-O 10. Qb3 c6 11.
Rc1 a6 12. e3 Qd6 13. Na4 Bg4 14. Be2 Nd7 15. h3 Bxf3 16. Bxf3 b5 17. Nc5 Nb6 18.
O-O Nc4 19. Rfd1 a5 20. bxa5 Nxa5 21. Qc2 Nc4 22. a4 bxa4 23. Nxa4 Rfb8 24. Be2 Na3 25. Qc5 Qxc5 26. Nxc5 Rb2 27. Bd3 Bf8 28. Nd7 Rc8 29. Rc3 Nb5 30. Bxb5 Rxb5 31. Rdc1 Rd8 32. Ne5 Rb2 33.
Rxc6 Rb7 34. g4 Kg7 35. Nd3 Bd6 36. Ra1 Rb3 37. Nc1 Rb2 38. Raa6 Be7 39. Nd3 Rd2 40.
Nc1 Bh4 41. Nb3 Bxf2+ 42. Kf1 Rb2 0-1

[Event "*** SCC Grand Prix: Titled Tuesday Blitz"]
[Site "Chess.com"]
[Date "2020.08.25"]
[Round "7"]
[White "Angel_Hranitel_37"]
[Black "vinniethepooh"]
[Result "0-1"]
[WhiteElo "2459"]
[BlackElo "2668"]
[TimeControl "180+1"]
[EndTime "11:20:21 PDT"]
[Termination "vinniethepooh won by checkmate"]

1. d4 Nf6 2. Nf3 d5 3. c4 e6 4.
g3 dxc4 5. Bg2 a6 6. Ne5 Bb4+ 7.
Bd2 Qxd4 8. Bxb4 Qxe5 9. Bc3 Qc5 10. O-O O-O 11. Nd2 Nd5 12. Ne4 Qe7 13. Bd4 b6 14. Qc2 Nc6 15. Qxc4 Nxd4 16. Qxd4 Bb7 17. Rac1 Rfd8 18.
Qc4 c5 19. a3 Rac8 20. Qb3 b5 21. Rfd1 c4 22. Qc2 Rd7 23. h4 h6 24. Nc3 Rcd8 25.
Nxd5 Bxd5 26. a4 Qb4 27. axb5 axb5 28. Ra1 Bxg2 29. Rxd7 Rxd7 30. Kxg2 f5 31. Ra8+ Kh7 32.
Rb8 Qd6 33. Re8 Qc6+ 34. Kh2 Qc5 35. e3 Qd5 36. Rb8 Qc6 37. Kg1 Qc5 38. b3 c3 39.
Re8 Rd2 40. Qc1 Qd5 41. e4 Rd1+ 42. Kg2 Qxe4+ 43. f3 Qe2+ 44. Kh3 Rxc1 45. Rxe6 Rh1# 0-1